 Dungeon Crawl Stone Soup version 0.18.1-48-g4cf74bf (webtiles) character file.

46 NegativICE the Skirmisher (level 3, -2/33 HPs)
             Began as a Minotaur Fighter on Aug 10, 2016.
             Killed from afar by a dart slug (6 damage)
             ... with a slug dart
             ... on level 2 of the Dungeon.
             The game lasted 00:13:25 (739 turns).

NegativICE the Skirmisher (Minotaur Fighter)         Turns: 739, Time: 00:13:25

Health: -2/33      AC:  7    Str: 23    XL:     3   Next: 44%
Magic:  2/2        EV:  7    Int:  5    God:
Gold:   60         SH:  9    Dex:  9    Spells: 0 memorised, 2 levels left

rFire  . . .     SeeInvis .     a - +0 war axe
rCold  . . .     Gourm    .     b - +0 scale mail
rNeg   . . .     Faith    .     c - +0 shield
rPois  .         Spirit   .     (helmet restricted)
rElec  .         Dismiss  .     (no cloak)
rCorr  .         Reflect  .     (no gloves)
SustAt .         Harm     .     (no boots)
MR     .....                    (no amulet)
Stlth  ..........               (no ring)
                                x - +2 ring of strength

@: lethally poisoned (-2 -> -2), not resistant to hostile enchantments,
extremely unstealthy
A: retaliatory headbutt, horns 2
a: no special abilities


You were on level 2 of the Dungeon.
You were not hungry.

You visited 1 branch of the dungeon, and saw 2 of its levels.

You collected 60 gold pieces.

Inventory:

Hand Weapons
 a - a +0 war axe (weapon)
 i - a +1 dagger of venom
 p - a +2 dagger of holy wrath
 q - a +0 hunting sling
 u - a +0 spear
 v - a +0 dagger
 w - a +0 short sword
Missiles
 h - 93 stones (quivered)
 n - 22 arrows
Armour
 b - a +0 scale mail (worn)
 c - a +0 shield (worn)
 k - a +0 scale mail
 y - a +0 leather armour
Jewellery
 x - a +2 ring of strength (left hand)
Scrolls
 e - a scroll of fog {unknown}
 l - 4 scrolls of identify {unknown}
 o - a scroll of magic mapping {unknown}
 r - a scroll of teleportation {unknown}
 s - a scroll of remove curse {unknown}
Potions
 d - a potion of might
 g - a potion of degeneration {unknown}
 j - 4 potions of curing {unknown}
 m - a potion of heal wounds {unknown}
 t - a potion of berserk rage {unknown}
Comestibles
 f - a bread ration
 z - a meat ration
 A - a beef jerky


   Skills:
 + Level 4.3 Fighting
 + Level 2.6 Axes
 + Level 4.2 Armour
 + Level 4.2 Shields


You had 2 spell levels left.
You didn't know any spells.

Dungeon Overview and Level Annotations

Branches:
Dungeon (2/15)

Altars:


Innate Abilities, Weirdness & Mutations

You reflexively headbutt those who attack you in melee.
You have a pair of horns on your head.


Message History

There is a stone staircase leading down here.
You feel sick.
You feel sick.
A kobold and a dart slug come into view.
The kobold shouts!
The kobold throws a stone.
The stone hits you but does no damage.
You see here a stone.
The kobold drinks a potion.
The kobold flickers and vanishes!
Deactivating autopickup; reactivate with Ctrl-A.
You feel sick. Something hits you. You block the dart slug's attack.
Your shield and scale mail prevent you from hitting the dart slug.
You headbutt the dart slug!
The dart slug is severely wounded.
You barely miss something. Something hits you.
* * * LOW HITPOINT WARNING * * *
Something hits you.
* * * LOW HITPOINT WARNING * * *
The dart slug launches a dart at you. The slug dart hits you!
You die...

##### ##...#
########..#.#
###.....(.....###
#.......#.>.###.#
........#.#####.#
...###.@#.#.....##
.# #w.#........##
#..#.........######
#..#........†......
#..#.........######
######
#..########### ##
###....###### ####.
#..<##....# ###....
###.#######.###
##......


You could see a dart slug.

Vanquished Creatures
  An adder (D:2)
  A dart slug (D:1)
  2 giant cockroaches
  7 hobgoblins
  A ball python (D:1)
  5 bats
  2 giant newts
  4 goblins
  9 kobolds
  4 rats
36 creatures vanquished.

Notes
Turn   | Place    | Note
--------------------------------------------------------------
     0 | D:1      | NegativICE the Minotaur Fighter began the quest for the Orb.
     0 | D:1      | Reached XP level 1. HP: 19/19 MP: 0/0
   134 | D:1      | Reached XP level 2. HP: 25/27 MP: 1/1
   525 | D:2      | Reached XP level 3. HP: 33/33 MP: 2/2
   739 | D:2      | Killed from afar by a dart slug

Skill      XL: |  1  2 |
---------------+-------+-----
Fighting       | 4 |  4.3
Shields        | 4 |  4.2
Armour         | 4 |  4.2
Axes           | |  2.6

Action                   || total
-------------------------++-------
Melee: War axe           ||    90
       Headbutt          ||    12
Armor: Scale mail        ||    49
Dodge: Dodged            ||    29
Block: Shield            ||    49
